 Dungeon Crawl Stone Soup version 0.29-a0-993-g4a18f31a58 (webtiles) character file.

Game seed: 10572779445869888933

7 vurker the Sneak (level 2, 10/14 HPs)
             Began as a Vine Stalker Enchanter on Aug 2, 2022.
             Was a Follower of Okawaru.
             Quit the game on level 1 of the Dungeon.
             The game lasted 00:00:52 (396 turns).

vurker the Sneak (Vine Stalker Enchanter)            Turns: 396, Time: 00:00:52

Health: 10/14      AC:  2    Str: 10    XL:     2   Next: 0%
Magic:  6/6        EV: 12    Int: 15    God:    Okawaru [*.....]
Gold:   38         SH:  0    Dex: 14    Spells: 5/5 levels left

rFire   . . .      SeeInvis .   a - +1 dagger
rCold   . . .      Faith    .   (no shield)
rNeg    . . .      Spirit   +   b - +0 robe
rPois   .          Reflect  .   (no helmet)
rElec   .          Harm     .   (no cloak)
rCorr   .          Rampage  .   (no gloves)
Will    .....                   (no boots)
Stlth   ++........              (no amulet)
HPRegen 0.04/turn               (no ring)
MPRegen 0.10/turn               (no ring)

@: no status effects
A: fangs 2, magic shield, antimagic bite, no potion heal 2
a: Renounce Religion, Heroism


You were on level 1 of the Dungeon.
You worshipped Okawaru.
Okawaru was aware of your devotion.
You visited 1 branch of the dungeon, and saw 1 of its levels.

You collected 38 gold pieces.

Inventory:

Hand Weapons
 a - a +1 dagger (weapon)
Armour
 b - a +0 robe (worn)
Scrolls
 e - a scroll of immolation {unknown}
Potions
 c - 2 potions of invisibility
 d - 2 potions of degeneration {unknown}


   Skills:
 + Level 0.4 Fighting
 * Level 1.3 Short Blades
 - Level 1.5 Dodging
 + Level 3.8 Stealth
 - Level 2.1 Spellcasting
 - Level 3.0 Hexes


You had 5 spell levels left.
You didn't know any spells.
Your spell library contained the following spells:

 Spells                   Type           Power      Damage    Failure   Level
 Ensorcelled Hibernation  Hex/Ice        12%        N/A       19%         2
 Confusing Touch          Hex            10%        N/A       19%         3
 Dazzling Flash           Conj/Hex       12%        N/A       34%         3
 Tukima's Dance           Hex            Unusable   N/A       N/A         3

Dungeon Overview and Level Annotations

Branches:
Dungeon (1/15)

Altars:
Okawaru


Innate Abilities, Weirdness & Mutations

You have extremely sharp teeth.
When hurt, damage is shared between your health and your magic reserves.
Your bite disrupts and absorbs the magic of your enemies.
Potions cannot restore your health.


Message History

Found 2 lumpy inky potions and a scroll labelled POEMIR XOSU.
d - 2 lumpy inky potions
e - a scroll labelled POEMIR XOSU A kobold comes into view.
It is wielding a +0 whip.
Found 14 gold pieces.
A kobold is nearby!
A kobold is nearby!
A kobold is nearby!
The kobold shouts!
The kobold throws a stone.
The stone hits you but does no damage.
Found 10 gold pieces.
The kobold closely misses you.
You hit the kobold but do no damage. You bite the kobold. You drain its power.
The kobold barely misses you.
You barely miss the kobold. You bite the kobold.
You kill the kobold!
No target in view!
No target in view!
You now have 14 gold pieces.
Found 14 gold pieces.
You now have 28 gold pieces (gained 14).
You now have 38 gold pieces (gained 10).
A ball python comes into view.
A ball python is nearby!
A ball python is nearby!
Found a faded altar of an unknown god.
The ball python hisses angrily.
The floating eye turns its gaze towards you.
The golden eye turns its gaze towards you.
A rat comes into view.
The shining eye turns its gaze towards you.
The ball python bites you. The ball python grabs you.
The ball python constricts you.
You hit the ball python. Your bite misses the ball python.
The ball python closely misses you. The ball python constricts you.
You barely miss the ball python. You bite the ball python. You drain its power.
You feel invigorated. The ball python closely misses you.
The ball python constricts you.
You barely miss the ball python. The ball python closely misses you.
The ball python constricts you.
You hit the ball python.
You kill the ball python!
You hit the rat.
You kill the rat!
You have reached level 2!
There is a faded altar of an unknown god here.
You cannot tell which god this altar belongs to.
Convert to them anyway?
Okawaru accepts your prayer! Okawaru welcomes you!
You can now gain great but temporary skills.

###### ##.... ..#
...... ...###
###...###.... #
#G#...#G#..# #
#..###...###..####.#
#.............#....
#......@........#
#........†....####.#
#..###...###.......#
#. #
#G#...#G#..###### #..
###...###.## ##.#
.........########...
#.#...##.............
#.#..###........##...
..# #........##...


You could see a shining eye, 2 floating eyes and a golden eye.

Vanquished Creatures
  A bat (D:1)
  An endoplasm (D:1)
  A hobgoblin (D:1)
  A ball python (D:1)
  A kobold (D:1)
  2 rats (D:1)
7 creatures vanquished.

Notes
Turn   | Place    | Note
-------+----------+-------------------------------------------
     0 | D:1      | vurker the Vine Stalker Enchanter began the quest for the
                  | Orb.
     0 | D:1      | Reached XP level 1. HP: 9/9 MP: 4/4
    54 | D:1      | Reached skill level 1 in Short Blades
   381 | D:1      | Noticed a floating eye
   384 | D:1      | Found a faded altar of an unknown god.
   385 | D:1      | Noticed a shining eye
   385 | D:1      | Noticed a floating eye
   385 | D:1      | Noticed a golden eye
   392 | D:1      | Reached XP level 2. HP: 10/14 MP: 6/6
   395 | D:1      | Prayed at the altar of an unknown god.
   395 | D:1      | Became a worshipper of Warmaster Okawaru
   395 | D:1      | Reached * piety under Okawaru
   396 | D:1      | Quit the game

Illustrated notes

Levels and vault maps discovered:
D:1:      grunt_arrival_lava_bath, layout_loops_cross,
          hellmonk_ecumenical_altar_watching_god

Skill      XL: |  1 |
---------------+----+-----
Short Blades   | 1 |  1.3
Fighting       | |  0.4
Dodging        | |  1.5
Stealth        | |  3.8
Spellcasting   | |  2.1
Hexes          | |  3.0

Action                   || total
-------------------------++-------
Melee: Dagger            ||    21
       Bite              ||     8
 Stab: Sleeping          ||     1
Armor: Robe              ||     1
Dodge: Dodged            ||    14

Table legend: (Time is in decaauts)
 A = Elapsed time spent in this place.
 B = Non-inter-level travel time spent in this place.
 C = Inter-level travel time spent in this place.
 D = Time resting spent in this place.
 E = Time spent auto-exploring this place.
 F = Levels seen in this place.
 G = Mean time per level.
                   A        B        C        D        E       F      G
               +--------+--------+--------+--------+--------+-----+--------+
         Total |    395 |    395 |      0 |      0 |    340 |   1 |  395.0 |
       Dungeon |    395 |    395 |      0 |      0 |    340 |   1 |  395.0 |
               +--------+--------+--------+--------+--------+-----+--------+

Top non-repeatable levels by time:
     D:1: 395 daAuts
